 Dungeon Crawl Stone Soup version 0.24-a0-769-g368c1644f8 (webtiles) character file.

Game seed: 12353162900217963430, levelgen mode: deterministic

669 Ablot the Charmwright (level 7, -2/56 HPs)
             Began as a Gnoll Skald on Oct 3, 2019.
             Slain by a two-headed ogre
             ... wielding a +0 giant club
              (21 damage)
             ... on level 4 of the Dungeon.
             The game lasted 00:09:52 (2749 turns).

Ablot the Charmwright (Gnoll Skald)                 Turns: 2749, Time: 00:09:53

Health: -2/56      AC:  3    Str: 15    XL:     7   Next: 58%
Magic:  15/15      EV: 15    Int: 15    God:
Gold:   169        SH:  0    Dex: 15    Spells: 6/17 levels left

rFire    . . .     SeeInvis .   a - +1 spear (pierce)
rCold    . . .     Gourm    .   (no shield)
rNeg     + . .     Faith    .   b - +0 leather armour
rPois    +         Spirit   .   l - +0 hat
rElec    .         Reflect  .   (no cloak)
rCorr    .         Harm     .   (no gloves)
MR       .....                  (no boots)
Stlth    ++........             y - amulet of the acrobat
HPRegen  0.18/turn              o - ring of poison resistance
MPRegen  0.14/turn              t - ring of positive energy

@: no status effects
A: distributed training, fangs 1, strong nose
a: no special abilities


You were on level 4 of the Dungeon.
You were hungry.

You visited 1 branch of the dungeon, and saw 4 of its levels.

You collected 169 gold pieces.

Inventory:

Hand Weapons
 a - a +1 spear of piercing (weapon)
Missiles
 e - 18 bolts
 f - 85 stones
 m - 76 sling bullets
 A - 15 arrows
 C - 15 poisoned darts (quivered)
Armour
 b - a +0 leather armour (worn)
 l - a +0 hat (worn)
Jewellery
 o - a ring of poison resistance (left hand)
 t - a ring of positive energy (right hand)
 y - an amulet of the acrobat (around neck)
Wands
 x - a wand of random effects (8)
Scrolls
 c - a scroll of enchant weapon {unknown}
 j - a scroll of noise {unknown}
 k - a scroll of magic mapping {unknown}
 n - 2 scrolls of remove curse
 p - a scroll of enchant armour {unknown}
 q - a scroll of fog {unknown}
 r - 2 scrolls of random uselessness {unknown}
 v - a scroll of blinking {unknown}
 z - a scroll of fear {unknown}
 B - a scroll of immolation {unknown}
 F - a scroll of identify
Potions
 h - a potion of curing
 i - a potion of mutation {unknown}
 s - 2 potions of heal wounds {unknown}
 u - a potion of haste {unknown}
 w - a potion of flight {unknown}
 D - a potion of degeneration {unknown}
 E - a potion of lignification {unknown}
 G - 2 potions of agility {unknown}
 H - a potion of resistance {unknown}
Comestibles
 d - 8 rations


   Skills:
 + Level 5.2 Fighting
 + Level 2.5 Short Blades
 + Level 2.5 Long Blades
 + Level 2.5 Axes
 + Level 2.5 Maces & Flails
 + Level 5.2 Polearms
 + Level 2.5 Staves
 + Level 2.5 Slings
 + Level 2.5 Bows
 + Level 2.5 Crossbows
 + Level 2.5 Throwing
 + Level 3.6 Armour
 + Level 5.2 Dodging
 + Level 2.5 Stealth
 + Level 2.5 Shields
 + Level 2.5 Unarmed Combat
 + Level 5.6 Spellcasting
 + Level 2.0 Conjurations
 + Level 2.0 Hexes
 + Level 5.8 Charms
 + Level 2.0 Summonings
 + Level 2.0 Necromancy
 + Level 2.0 Translocations
 + Level 2.0 Transmutations
 + Level 2.0 Fire Magic
 + Level 2.0 Ice Magic
 + Level 2.0 Air Magic
 + Level 2.0 Earth Magic
 + Level 2.0 Poison Magic
 + Level 2.8 Invocations
 + Level 2.5 Evocations


You had 6 spell levels left.
You knew the following spells:

 Your Spells              Type           Power        Failure   Level  Hunger
a - Infusion              Chrm           ###.         1%          1    None
b - Song of Slaying       Chrm           ###.....     2%          2    #......
c - Shroud of Golubria    Chrm/Tloc      ###...       5%          2    #......
d - Regeneration          Chrm/Necr      ###.......   11%         3    ###....
e - Spectral Weapon       Hex/Chrm       ###.....     11%         3    ###....

Your spell library contained the following spells:

 Spells                   Type           Power        Failure   Level  Hunger


Dungeon Overview and Level Annotations

Branches:
Dungeon (4/15)
 Temple: D:4-7

Altars:
Fedhas
Gozag
Makhleb
Nemelex Xobeh
Qazlal
Uskayaw
Wu Jian
The Shining One

Annotations:
D:3 3 runed translucent doors, Gall2222's ghost, amateur OgTm; pedritolo's ghost, weakling FeCK


Innate Abilities, Weirdness & Mutations

Your experience applies equally to all skills.
You have very sharp teeth.
Your uncanny sense of smell can sniff out nearby items.


Message History

The puff of flame hits the two-headed ogre.
The two-headed ogre is heavily wounded.
The two-headed ogre completely misses you.
The two-headed ogre closely misses you.
Evoke which item? (* to show all) (? for menu, Esc to quit)
Aiming: Random Effects
Press: ? - help, Shift-Dir - straight line, f/p - two-headed ogre
Aim: a two-headed ogre, wielding a +0 giant club and a +0 giant spiked club (heavily wounded, fast, misshapen and mutated)
The two-headed ogre resists with significant effort.
The two-headed ogre hits you with a +0 giant club!
The two-headed ogre misses you. The two-headed ogre barely misses you.
The two-headed ogre closely misses you.
Evoke which item? (* to show all) (? for menu, Esc to quit)
Aiming: Random Effects
Press: ? - help, Shift-Dir - straight line, f/p - two-headed ogre
Aim: a two-headed ogre, wielding a +0 giant club and a +0 giant spiked club (heavily wounded, fast, misshapen and mutated)
The two-headed ogre twists and deforms.
The two-headed ogre hits you but does no damage.
The two-headed ogre hits you with a +0 giant spiked club!!
You die...

#.!...####.#####.........# #..
#####..##..#####...#.....# ####..
.$......?.##.......####### #.....
......!#..#.......####### ##)####
.......#.....###........# #...#
.............# #........# #...#
<.......##..## #........# #...#
.......###..# #O.......# #...#
.......# #..# #@.......# #...#
.......###....##........###...###
#.#.##.....##....................
#.#>##.........#........#.....###
#.#[#..>...# #.###.....##.#....#
#..)#.....## # #..##.....#....#
<รท#...##...# ..%.###.#..##.##.#
..).### ##..# #..# #.......# .#
..### # #.. ##......# .#


You could see a two-headed ogre.

Vanquished Creatures
  A black bear (D:4)
  A bullfrog (D:4)
  A scorpion (D:4)
  2 hounds
  2 orc wizards (D:4)
  Jessica (D:2)
  Natasha (thrice) (D:2)
  A worker ant (D:4)
  4 gnolls (D:4)
  5 adders
  2 oozes
  2 worms (D:2)
  6 dart slugs
  3 leopard geckos
  12 orcs
  4 giant cockroaches
  11 goblins
  7 hobgoblins
  7 jackals
  6 kobolds
  2 quokkas
  A ball python (D:1)
  14 bats
  5 frilled lizards
  A leopard gecko skeleton (D:4)
  6 rats
110 creatures vanquished.

Notes
Turn   | Place    | Note
-------+----------+-------------------------------------------
     0 | D:1      | Ablot the Gnoll Skald began the quest for the Orb.
     0 | D:1      | Reached XP level 1. HP: 20/20 MP: 6/6
   244 | D:1      | Reached XP level 2. HP: 22/26 MP: 7/7
   248 | D:1      | Learned a level 2 spell: Song of Slaying
   251 | D:1      | Learned a level 2 spell: Shroud of Golubria
   473 | D:1      | Reached XP level 3. HP: 31/31 MP: 2/9
   481 | D:1      | Reached skill level 5 in Spellcasting
   723 | D:2      | Found a blossoming altar of Fedhas.
   723 | D:2      | Found an ornate altar of the Wu Jian Council.
   724 | D:2      | Found a stormy altar of Qazlal.
   754 | D:2      | Noticed Natasha
   776 | D:2      | Killed Natasha
   776 | D:2      | Reached skill level 1 in Short Blades
   776 | D:2      | Reached skill level 1 in Long Blades
   776 | D:2      | Reached skill level 1 in Axes
   776 | D:2      | Reached skill level 1 in Maces & Flails
   776 | D:2      | Reached skill level 1 in Staves
   776 | D:2      | Reached skill level 1 in Slings
   776 | D:2      | Reached skill level 1 in Bows
   776 | D:2      | Reached skill level 1 in Crossbows
   776 | D:2      | Reached skill level 1 in Throwing
   776 | D:2      | Reached skill level 1 in Stealth
   776 | D:2      | Reached skill level 1 in Shields
   776 | D:2      | Reached skill level 1 in Unarmed Combat
   776 | D:2      | Reached skill level 1 in Invocations
   776 | D:2      | Reached skill level 1 in Evocations
   776 | D:2      | Reached XP level 4. HP: 30/38 MP: 8/11
   791 | D:2      | Learned a level 3 spell: Regeneration
   795 | D:2      | Learned a level 3 spell: Spectral Weapon
   888 | D:2      | Noticed Jessica
   897 | D:2      | Killed Jessica
   897 | D:2      | Reached skill level 1 in Conjurations
   897 | D:2      | Reached skill level 1 in Hexes
   897 | D:2      | Reached skill level 1 in Summonings
   897 | D:2      | Reached skill level 1 in Necromancy
   897 | D:2      | Reached skill level 1 in Translocations
   897 | D:2      | Reached skill level 1 in Transmutations
   897 | D:2      | Reached skill level 1 in Fire Magic
   897 | D:2      | Reached skill level 1 in Ice Magic
   897 | D:2      | Reached skill level 1 in Air Magic
   897 | D:2      | Reached skill level 1 in Earth Magic
   897 | D:2      | Reached skill level 1 in Poison Magic
   981 | D:2      | Reached XP level 5. HP: 37/43 MP: 7/12
  1361 | D:2      | Noticed Natasha
  1370 | D:2      | Killed Natasha
  1431 | D:2      | Found a burning altar of Makhleb.
  1509 | D:2      | Noticed Natasha
  1517 | D:2      | Killed Natasha
  1542 | D:3      | Found an opulent altar of Gozag.
  1547 | D:3      | Reached XP level 6. HP: 47/50 MP: 6/13
  1671 | D:3      | Found a runed translucent gate.
  1672 | D:3      | Found a runed translucent gate.
  1672 | D:3      | Found a runed translucent gate.
  1672 | D:3      | Noticed Gall2222's ghost (amateur OgTm)
  1672 | D:3      | Noticed pedritolo's ghost (weakling FeCK)
  1788 | D:3      | Found a glowing golden altar of the Shining One.
  2027 | D:3      | Found a sparkling altar of Nemelex Xobeh.
  2288 | D:4      | Noticed a black bear
  2295 | D:4      | Killed a black bear
  2295 | D:4      | Reached skill level 5 in Fighting
  2295 | D:4      | Reached skill level 5 in Polearms
  2295 | D:4      | Reached skill level 5 in Dodging
  2328 | D:4      | Reached XP level 7. HP: 47/56 MP: 1/15
  2466 | D:4      | Noticed a two-headed ogre
  2506 | D:4      | Found a hide-covered altar of Uskayaw.
  2749 | D:4      | Slain by a two-headed ogre

Levels and vault maps discovered:
D:1:      minmay_arrival_up_and_down, layout_basic
D:2:      layout_loops_cross, makhleb_blood_cavern_becter,
          gammafunk_temple_overflow_claw, first_ration, uniq_jessica,
          uniq_natasha
D:3:      layout_rooms, lemuel_crystal_altar, lemuel_doored_altar,
          nicolae_tso_carved_into_rock, gammafunk_ghost_cemetery,
          minmay_misc_feat_secret_circle, minivault_4, minivault_23,
          roderic_batcave
D:4:      layout_rooms, kennysheep_mini_moat, enter_ossuary_2,
          okawaru_altar_gauntlet_db

Skill      XL: |  1  2  3  4  5  6  7 |
---------------+----------------------+-----
Spellcasting   | 5 |  5.6
Short Blades   | 1 2 |  2.5
Long Blades    | 1 2 |  2.5
Axes           | 1 2 |  2.5
Maces & Flails | 1 2 |  2.5
Staves         | 1 2 |  2.5
Slings         | 1 2 |  2.5
Bows           | 1 2 |  2.5
Crossbows      | 1 2 |  2.5
Throwing       | 1 2 |  2.5
Stealth        | 1 2 |  2.5
Shields        | 1 2 |  2.5
Unarmed Combat | 1 2 |  2.5
Invocations    | 1 2 |  2.8
Evocations     | 1 2 |  2.5
Conjurations   | 1 2 |  2.0
Hexes          | 1 2 |  2.0
Summonings     | 1 2 |  2.0
Necromancy     | 1 2 |  2.0
Translocations | 1 2 |  2.0
Transmutations | 1 2 |  2.0
Fire Magic     | 1 2 |  2.0
Ice Magic      | 1 2 |  2.0
Air Magic      | 1 2 |  2.0
Earth Magic    | 1 2 |  2.0
Poison Magic   | 1 2 |  2.0
Armour         | 3 |  3.6
Fighting       | 5 |  5.2
Polearms       | 5 |  5.2
Dodging        | 5 |  5.2
Charms         | |  5.8

Action                   |  1- 3 |  4- 6 |  7- 9 || total
-------------------------+-------+-------+-------++-------
Melee: Spear             |   103 |    83 |    66 ||   252
       Bite              |     7 |    21 |     4 ||    32
       Punch             |       |     1 |     1 ||     2
       Trident           |       |   136 |       ||   136
 Cast: Song of Slaying   |     2 |     3 |     1 ||     6
       Infusion          |     1 |     3 |       ||     4
       Shroud of Golubri |     1 |     7 |     2 ||    10
       Regeneration      |       |     2 |     4 ||     6
       Spectral Weapon   |       |     1 |       ||     1
Evoke: Wand              |       |       |     6 ||     6
  Use: Scroll            |       |     3 |       ||     3
 Stab: Sleeping          |     5 |     6 |       ||    11
       Distracted        |     1 |       |       ||     1
  Eat: Chunk             |       |     6 |     1 ||     7
Armor: Leather armour    |    14 |    39 |     4 ||    57
Dodge: Dodged            |    42 |   145 |    42 ||   229

Table legend:
 A = Non-vault XP
 B = Vault XP
 C = Vault XP percentage of total XP
 D = Non-vault monster count
 E = Vault monster count
 F = Vault count percentage of total count
                 A         B        C        D         E       F
            +---------+---------+-------+---------+---------+-------
      Total |     832 |     125 |  13.1 |     101 |       9 |   8.2
            +---------+---------+-------+---------+---------+-------
        D:1 |      45 |       0 |   0.0 |      22 |       0 |   0.0
        D:2 |     157 |     115 |  42.3 |      31 |       3 |   8.8
        D:3 |     102 |      10 |   8.9 |      30 |       6 |  16.7
        D:4 |     528 |       0 |   0.0 |      18 |       0 |   0.0
            +---------+---------+-------+---------+---------+-------
